 Dungeon Crawl Stone Soup version 0.18-a0-844-g9229740 (webtiles) character file.

41 penguinsfan71 the Insei (level 3, -1/28 HPs)
             Began as a Demigod Transmuter on Dec 18, 2015.
             Slain by a kobold
             ... wielding a +0 dagger
              (5 damage)
             ... on level 3 of the Dungeon.
             The game lasted 00:12:06 (1888 turns).

penguinsfan71 the Insei (Demigod Transmuter)        Turns: 1888, Time: 00:12:06

Health: -1/28      AC:  2    Str: 13    XL:     3   Next: 16%
Magic:  6/8        EV: 13    Int: 19    God:
Gold:   47         SH:  0    Dex: 16    Spells: 3 memorised, 0 levels left

rFire  . . .     SeeInvis .     d - +0 spear (pierce)
rCold  . . .     Gourm    .     b - +0 robe
rNeg   . . .     Faith    .     (no shield)
rPois  .         Spirit   .     (no helmet)
rElec  .         Dismiss  .     (no cloak)
rCorr  .         Reflect  .     (no gloves)
SustAt +         Harm     .     (no boots)
MR     .....                    (no amulet)
Stlth  +.........               (no ring)
                                (no ring)

@: lethally poisoned (-1 -> -3), not resistant to hostile enchantments, very
unstealthy
A: high mp 1, sustain attributes
a: no special abilities


You were on level 3 of the Dungeon.
You were not hungry.

You visited 1 branch of the dungeon, and saw 3 of its levels.

You collected 47 gold pieces.

Inventory:

Hand Weapons
 d - a +0 spear of piercing (weapon)
 f - a +0 club
 g - a +0 whip
 j - a +0 club
 m - a +0 dagger
 n - a +0 dagger
 o - a +0 dagger
 q - a +0 short sword
 s - a +0 hunting sling
 u - a +0 hand axe
 x - a +0 club
 y - a +0 club
Missiles
 a - 12 arrows
 e - 24 stones (quivered)
 i - 36 bolts
 l - 13 bolts of penetration
Armour
 b - a +0 robe (worn)
Scrolls
 h - 2 scrolls of teleportation {unknown}
 p - 2 scrolls of amnesia {unknown}
 r - a scroll of identify {unknown}
 w - a scroll of enchant armour {unknown}
 A - 2 scrolls of remove curse {unknown}
Potions
 k - a potion of magic {unknown}
 t - a potion of curing {unknown}
 v - a potion of agility {unknown}
Books
 c - a book of Changes

   Spells                             Type                      Level
   a - Beastly Appendage              Transmutation                1
   b - Sticks to Snakes               Transmutation                2
   c - Spider Form                    Transmutation/Poison         3
   d - Ice Form                       Ice/Transmutation            4
   e - Blade Hands                    Transmutation                5
Comestibles
 z - a bread ration


   Skills:
 + Level 1.2 Fighting
 + Level 2.5 Dodging
 + Level 3.1 Unarmed Combat
 + Level 2.0 Spellcasting
 + Level 1.9 Transmutations


You couldn't memorise any spells.
You knew the following spells:

 Your Spells              Type           Power        Failure   Level  Hunger
a - Beastly Appendage     Trmt           #.....       10%         1    #......
b - Sticks to Snakes      Trmt           #.......     14%         2    ###....
c - Spider Form           Trmt/Pois      #.........   38%         3    ###....


Dungeon Overview and Level Annotations

Branches:
Dungeon (3/15)

Annotations:
D:3 Thraspic's ghost, amateur OpWn


Innate Abilities, Weirdness & Mutations

You have an increased reservoir of magic (+10% MP).
Your attributes are resistant to harm.


Message History

A giant newt comes into view.
You hit Thraspic's ghost.
Thraspic's ghost is severely damaged.
You feel sick.
The kobold hits you with an uncursed dagger.
* * * LOW HITPOINT WARNING * * *
Thraspic's ghost hits you but does no damage.
You hit Thraspic's ghost.
Thraspic's ghost is severely damaged.
Your transformation has ended.
Your +0 spear of piercing unmelds from your body.
Your +0 robe unmelds from your body.
The kobold hits you with an uncursed dagger.
* * * LOW HITPOINT WARNING * * *
Thraspic's ghost hits you.
* * * LOW HITPOINT WARNING * * *
You barely miss Thraspic's ghost. You punch Thraspic's ghost.
Thraspic's ghost is severely damaged.
The kobold hits you with an uncursed dagger.
You die...

.............?.
...............
#####..........
#.......... ..
#.......>.. #.#
##.g?......
...####(.......
......KW#######
...#.#.@#
#....##
###...##
#......#
#......#
#......#
#....<†#
#......####+#
#.......##..#


You could see Thraspic's ghost, a hobgoblin and a kobold.

Vanquished Creatures
  2 giant geckos (D:1)
  An orc (D:3)
  A ball python (D:2)
  2 giant cockroaches (D:1)
  7 goblins
  5 hobgoblins
  4 bats (D:1)
  2 giant newts
  4 kobolds
  5 rats
33 creatures vanquished.

Notes
Turn   | Place    | Note
--------------------------------------------------------------
     0 | D:1      | penguinsfan71 the Demigod Transmuter began the quest for the Orb.
     0 | D:1      | Reached XP level 1. HP: 15/15 MP: 5/5
   132 | D:1      | Reached skill level 1 in Fighting
   372 | D:1      | Reached skill level 3 in Unarmed Combat
   427 | D:1      | Reached XP level 2. HP: 5/23 MP: 5/7
  1354 | D:2      | Found a faded altar to an unknown god.
  1482 | D:2      | Reached XP level 3. HP: 21/28 MP: 8/8
  1489 | D:2      | Learned a level 2 spell: Sticks to Snakes
  1493 | D:2      | Learned a level 3 spell: Spider Form
  1612 | D:2      | Found a shattered altar of Ashenzari.
  1738 | D:2      | Found an iron altar of Okawaru.
  1797 | D:3      | Noticed Thraspic's ghost (amateur OpWn)
  1888 | D:3      | Slain by a kobold

Vault maps used:
D:1:      erik_arrival_gehennom
D:2:      ashenzari_conservatory_becter, ecumenical_altar_1, first_bread,
          okawaru_metal_pillars_1_2
D:3:      lemuel_round_altar, kennysheep_generic_room_11, uniq_iyjb

Action                   || total
-------------------------++-------
Melee: Club              ||    32
       Unarmed           ||    19
       Short sword       ||    39
       Dagger            ||    35
       Spear             ||    19
 Cast: Beastly Appendage ||     6
       Spider Form       ||     3
 Stab: Sleeping          ||     1
  Eat: Bread ration      ||     1
